 Dungeon Crawl Stone Soup version 0.27.1-2-g3b301248ec (webtiles) character file.

Game seed: 3514532930418775327

57 worthlessgem the Slasher (level 4, -2/34 HPs)
             Began as a Djinni Warper on Sept 27, 2021.
             Was an Initiate of Ru.
             Slain by a bullfrog zombie (4 damage)
             ... on level 5 of the Dungeon.
             The game lasted 00:10:34 (3301 turns).

worthlessgem the Slasher (Djinni Warper)            Turns: 3301, Time: 00:10:35

Health: -2/34      AC:  3    Str: 10    XL:     4   Next: 18%
Gold:   24         EV: 11    Int: 16    God:    Ru [......] SH:  0 Dex: 12

rFire    + + .     SeeInvis .   a - +0 falchion
rCold    x . .     Faith    .   (no shield)
rNeg     . . .     Spirit   .   b - +0 leather armour
rPois    ∞         Reflect  .   (no helmet)
rElec    .         Harm     .   (no cloak)
rCorr    .         Rampage  .   (no gloves)
Will     .....                  (boots unavailable)
Stlth    +.........             (no amulet)
HPRegen  0.11/turn              (no ring)
MPRegen  0.00/turn              (no ring)

@: flying
A: sickness immunity, fire resistance 2, cold vulnerability 1, float, innate
caster, hp casting, extra vitality 1
a: Renounce Religion


You were on level 5 of the Dungeon.
You worshipped Ru.
Ru was noncommittal.
You visited 1 branch of the dungeon, and saw 4 of its levels.

You collected 24 gold pieces.

Inventory:

Hand Weapons
 a - a +0 falchion (weapon)
Missiles
 d - 5 boomerangs of dispersal
 e - 49 stones (quivered)
Armour
 b - a +0 leather armour (worn)
Jewellery
 j - a ring of see invisible
Scrolls
 c - a scroll of blinking
 f - 3 scrolls of identify
Potions
 g - a potion of degeneration


   Skills:
 - Level 2.7 Fighting
 + Level 3.1 Long Blades
 - Level 0.7 Throwing
 - Level 1.0 Armour
 - Level 2.1 Dodging
 * Level 2.6 Spellcasting


You couldn't memorise any spells.
You knew the following spells:

 Your Spells              Type           Power      Damage    Failure   Level
a - Blink                 Tloc           N/A        N/A       14%         2
b - Lesser Beckoning      Tloc           5%         N/A       26%         3
c - Gell's Gravitas       Tloc           5%         N/A       26%         3
d - Teleport Other        Tloc           10%        N/A       26%         3
e - Manifold Assault      Tloc           10%        N/A       94%         5
f - Freeze                Ice            40%        1d6       9%          1
Your spell library was empty.

Dungeon Overview and Level Annotations

Branches:
Dungeon (5/15)
 Temple: D:4-7

Altars:
Qazlal
Ru

Shops:
D:2 :


Innate Abilities, Weirdness & Mutations

You are immune to sickness and miasma.
You are immune to poison.
Your flesh is very heat resistant. (rF++)
You are vulnerable to cold. (rC-)
You float through the air rather than walking.
You learn spells naturally, not from books.
Your magical power is your life essence.
You have superior vitality. (+4 HP)


Message History

The bullfrog zombie hits you.
You closely miss the bullfrog zombie.
The bullfrog zombie is heavily damaged.
The bullfrog zombie disappears!
The bullfrog zombie reappears nearby!
The bullfrog zombie barely misses you.
You riposte.
You hit the bullfrog zombie.
The bullfrog zombie is severely damaged.
Unknown command.
You barely miss the bullfrog zombie.
The bullfrog zombie is severely damaged.
The bullfrog zombie hits you.
* * * LOW HITPOINT WARNING * * *
The bullfrog zombie hits you.
* * * LOW HITPOINT WARNING * * *
Unknown command.
You barely miss the bullfrog zombie.
The bullfrog zombie is severely damaged.
The bullfrog zombie hits you.
* * * LOW HITPOINT WARNING * * *
Unknown command.
You closely miss the bullfrog zombie.
The bullfrog zombie is severely damaged.
The bullfrog zombie hits you but does no damage.
Unknown command.
You hit the bullfrog zombie.
The bullfrog zombie is almost destroyed.
The bullfrog zombie hits you.
* * * LOW HITPOINT WARNING * * *
The bullfrog zombie barely misses you.
Unknown command.
The bullfrog zombie misses you.
The bullfrog zombie hits you but does no damage.
You barely miss the bullfrog zombie.
The bullfrog zombie is almost destroyed.
The bullfrog zombie closely misses you.
Unknown command.
You hit the bullfrog zombie but do no damage.
The bullfrog zombie is almost destroyed.
The bullfrog zombie hits you.
You die...

# .## ##.#####
#..#.@.#
#.#Z#.###
#...#)<.#
#.#####.......
#...# .######
............###
........#._.#
#############


You could see a bullfrog zombie.

Vanquished Creatures
  A dart slug (D:2)
  An orc (D:4)
  6 endoplasms
  2 giant cockroaches
  7 goblins
  3 hobgoblins
  7 jackals
  A quokka (D:2)
  2 ball pythons
  3 bats
  4 frilled lizards
  5 kobolds
  6 rats
48 creatures vanquished.

Notes
Turn   | Place    | Note
-------+----------+-------------------------------------------
     0 | D:1      | worthlessgem the Djinni Warper began the quest for the Orb.
     0 | D:1      | Reached XP level 1. HP: 18/18 MP: 0/0
    75 | D:1      | Reached skill level 2 in Long Blades
   100 | D:1      | Reached XP level 2. HP: 14/23 MP: 0/0
   867 | D:1      | Reached XP level 3. HP: 29/29 MP: 0/0
   867 | D:1      | Learned a level 1 spell: Freeze
  2116 | D:2      | Found Melon's Book Shop.
  2155 | D:2      | Reached skill level 3 in Long Blades
  2702 | D:2      | You are sucked into a shaft and drop 2 floors!
  2810 | D:4      | Reached XP level 4. HP: 11/34 MP: 0/0
  3119 | D:4      | Found a sacrificial altar of Ru.
  3132 | D:4      | Became a worshipper of Ru the Awakened
  3272 | D:4      | Noticed an ogre
  3274 | D:5      | Entered Level 5 of the Dungeon
  3281 | D:5      | Found a stormy altar of Qazlal.
  3295 | D:5      | HP: 1/34 [bullfrog zombie (3)]
  3301 | D:5      | Slain by a bullfrog zombie

Illustrated notes

Levels and vault maps discovered:
D:1:      dpeg_arrival_long_road, layout_basic, serial_forest,
          infiniplex_forest_lined_corner, infiniplex_forest_straight_4,
          infiniplex_forest_straight_2, infiniplex_forest_lined_3,
          infiniplex_forest_straight_2, infiniplex_forest_straight_1,
          infiniplex_forest_lined_2
D:2:      layout_rooms, dreamdust_ecumenical_altar_hidden_monk_grotto,
          serial_shops, nicolae_shop_statue_plus, columned_hall_lemuel,
          minmay_pentomino_r4
D:4:      layout_cave_pools, nicolae_ru_the_path_less_chosen,
          mainiacjoe_overflow_concentric_impassable, uniq_crazy_yiuf_cottage
D:5:      layout_loops_ring, dk_yredelemnul_ordeal, overflow_temple_1_default,
          hangedman_abyss_or_decor_lesser_grid, uniq_edmund

Skill      XL: |  1  2  3 |
---------------+----------+-----
Long Blades    | 2 3 |  3.1
Fighting       | |  2.7
Throwing       | |  0.7
Armour         | |  1.0
Dodging        | |  2.1
Spellcasting   | |  2.6

Action                   |  1- 3 |  4- 6 || total
-------------------------+-------+-------++-------
Melee: Falchion          |   156 |    25 ||   181
Throw: Stone             |     1 |       ||     1
 Cast: Blink             |    10 |       ||    10
       Freeze            |     1 |     4 ||     5
       Teleport Other    |       |     1 ||     1
  Use: Scroll            |       |     3 ||     3
Armor: Leather armour    |    51 |     4 ||    55
Dodge: Dodged            |   114 |    23 ||   137
       Rpst.: Falchion   |    44 |     7 ||    51
